 Dungeon Crawl Stone Soup version 0.31-a0-971-g75a2e9a4b4 (webtiles) character file.

Game seed: 790023280284358917

42 Arzdou the Ruffian (level 3, -1/24 HPs)
             Began as an Octopode Shapeshifter on Oct 28, 2023.
             Slain by a goblin
             ... wielding a +0 dagger
             ... led by Robin
              (3 damage)
             ... on level 2 of the Dungeon.
             The game lasted 00:00:56 (1059 turns).

Arzdou the Ruffian (Octopode Shapeshifter)          Turns: 1059, Time: 00:00:57

Health: -1/24      AC:  1    Str: 15    XL:     3   Next: 54%
Magic:  3/3        EV: 13    Int: 12    God:
Gold:   63         SH:  0    Dex: 11    Spells: 2/2 levels left

rFire   . .          .
                       - Unarmed
rCold   . . .        (no shield)
rNeg    . . .        (helmet currently unavailable)
rPois   .            (no amulet)
rElec   .            (no ring)
rCorr   .            (no ring)
SInv    .            (no ring)
Will    .....        (no ring)
Stlth   ++           (no ring)
HPRegen 0.24/turn    (no ring)
MPRegen 0.08/turn    (no ring)
                     (no ring)

%: no passive effects
@: beast-form
A: beast (slay +1), almost no armour, amphibious, 8 rings, camouflage 1,
gelatinous body 1, (nimble swimmer 1), tentacles
a: Begin Untransformation


You were on level 2 of the Dungeon.
You were a hulking beast.
You visited 1 branch of the dungeon, and saw 2 of its levels.

You collected 63 gold pieces.

Inventory:

Talismans
 b - a beast talisman
 c - a flux talisman
Scrolls
 d - a scroll of noise {unknown}
 e - a scroll of immolation {unknown}
 f - a scroll of fog {unknown}
 g - a scroll of blinking {unknown}
 h - a scroll of identify {unknown}
Potions
 a - a potion of lignification


   Skills:
 + Level 1.8 Fighting
 + Level 2.5 Dodging
 + Level 3.4 Unarmed Combat
 + Level 3.3 Shapeshifting


You had 2 spell levels left.
You didn't know any spells.
Your spell library was empty.

Dungeon Overview and Level Annotations

Branches:
Dungeon (2/15)

Altars:
Okawaru


Innate Abilities, Weirdness & Mutations

You are a hulking beast.
Your limbs bulge with bestial killing power. (Slay +1)
You cannot wear most types of armour.
You are amphibious.
You can wear up to eight rings at the same time.
Your skin changes colour to match your surroundings (Stealth+).
Your rubbery body absorbs attacks. (AC +1, EV +1)
((You are camouflaged when in or above water. (Stealth+)))
You have tentacles for arms and can constrict up to eight enemies at once.


Message History

You tentacle-slap the goblin. Your grab misses the goblin.
The goblin is severely wounded.
The goblin barely misses you.
A hobgoblin comes into view.
You tentacle-slap the goblin.
You kill the goblin!
Robin roars a battlecry!
The goblins go into a battle-frenzy!
The goblin shouts!
Robin throws the goblin at you! The goblin hits you with a +0 dagger.
Things that are here:
a +0 dagger; a +0 sling You tentacle-slap Robin.
You grab Robin.
Robin is lightly wounded.
You constrict Robin. Robin hits you with a +0 dagger.
The goblin hits you with a +0 dagger.
You barely miss Robin.
Robin is lightly wounded.
You constrict Robin. Robin throws the goblin at you!
The goblin hits you with a +0 dagger.
You are too injured to fight recklessly!
You tentacle-slap Robin.
Robin is heavily wounded.
You constrict Robin. The goblin barely misses you.
Robin hits you with a +0 dagger.
* * * LOW HITPOINT WARNING * * *
The goblin hits you with a +0 dagger.
* * * LOW HITPOINT WARNING * * *
You tentacle-slap Robin.
Robin is almost dead.
You constrict Robin.
You kill Robin!
The goblin misses you. The goblin closely misses you.
You barely miss the hobgoblin. You grab the hobgoblin.
You squeeze the hobgoblin.
You kill the hobgoblin!
The goblin hits you with a +0 dagger.
* * * LOW HITPOINT WARNING * * *
The goblin hits you with a +0 dagger.
You die...

# .
#.###.####
.
#....g)hg#
.###
########g#
...#
#)#####
#..########
##.....#
...##.<...#
##......#
...##.>...#
#...._..##
..........#
#........#
...##.....#
#........#
...##.....#
#...##...#


You could see a hobgoblin (strong) and 2 goblins.

Vanquished Creatures
  Robin (D:2)
  A dart slug (D:1)
  A ball python (D:2)
  2 endoplasms (D:1)
  2 giant cockroaches (D:1)
  7 goblins
  A hobgoblin (D:2)
  3 quokkas (D:1)
  3 bats
  2 frilled lizards
  2 kobolds (D:1)
  2 rats
27 creatures vanquished.

Notes
Turn   | Place    | Note
-------+----------+-------------------------------------------
     0 | D:1      | Arzdou the Octopode Shapeshifter began the quest for the
                  | Orb.
     0 | D:1      | Reached XP level 1. HP: 13/13 MP: 1/1
   259 | D:1      | Found a faded altar of an unknown god.
   395 | D:1      | Reached XP level 2. HP: 17/18 MP: 2/2
   974 | D:2      | Reached XP level 3. HP: 22/23 MP: 3/3
  1036 | D:2      | Found an iron altar of Okawaru.
  1051 | D:2      | Noticed Robin
  1058 | D:2      | Killed Robin
  1059 | D:2      | Slain by a goblin

Illustrated notes

Levels and vault maps discovered:
D:1:      matt_arrival_spirals, layout_basic,
          shapermc_ecumenical_altar_notcrosses
D:2:      layout_loops_cross, basic_altar, minmay_quantized, uniq_robin,
          uniq_sigmund

Action                     || total
---------------------------++-------
  Melee: Unarmed           ||    46
         Constrict         ||    12
         Tentacles         ||     6
         Punch             ||     1
   Stab: Sleeping          ||     6
 Armour: Skin              ||    22
  Dodge: Dodged            ||    17

Table legend: (Time is in decaauts)
 A = Elapsed time spent in this place.
 B = Non-inter-level travel time spent in this place.
 C = Inter-level travel time spent in this place.
 D = Time resting spent in this place.
 E = Time spent auto-exploring this place.
 F = Levels seen in this place.
 G = Mean time per level.
                   A        B        C        D        E       F      G
               +--------+--------+--------+--------+--------+-----+--------+
         Total |   1056 |   1017 |     39 |      0 |    882 |   2 |  528.0 |
       Dungeon |   1056 |   1017 |     39 |      0 |    882 |   2 |  528.0 |
               +--------+--------+--------+--------+--------+-----+--------+

Top non-repeatable levels by time:
     D:1: 953 daAuts
     D:2: 103 daAuts
